 Dungeon Crawl Stone Soup version 0.23.2-40-g277498a (webtiles) character file.

Game seed: 1070989462572406685

273 EternalSandwich the Cudgeler (level 6, -3/37 HPs)
             Began as a Gargoyle Fighter on Oct 9, 2019.
             Slain by an ogre
             ... wielding a +0 giant club
              (16 damage)
             ... on level 5 of the Dungeon.
             The game lasted 00:04:56 (2238 turns).

EternalSandwich the Cudgeler (Gargoyle Fighter)     Turns: 2238, Time: 00:04:56

Health: -3/37      AC: 17    Str: 20    XL:     6   Next: 23%
Magic:  6/6        EV:  3    Int:  9    God:
Gold:   152        SH:  9    Dex: 10    Spells: 5/5 levels left

rFire    + . .     SeeInvis .   u - +0 morningstar
rCold    x . .     Gourm    .   c - +0 shield
rNeg     + . .     Faith    .   p - +0 plate armour
rPois    ∞         Spirit   .   (no helmet)
rElec    +         Reflect  .   (no cloak)
rCorr    .         Harm     .   (no gloves)
MR       .....                  s - +0 pair of boots
Stlth    ..........             (no amulet)
HPRegen  0.12/turn              j - ring of fire
MPRegen  0.10/turn              (no ring)

@: no status effects
A: negative energy resistance 1, electricity resistance, unbreathing,
petrification resistance, rot immunity, AC +4
a: no special abilities


You were on level 5 of the Dungeon.
You were hungry.

You visited 1 branch of the dungeon, and saw 4 of its levels.

You collected 152 gold pieces.

Inventory:

Hand Weapons
 a - a +0 flail
 u - a +0 morningstar (weapon)
 v - a +2 mace of holy wrath
Missiles
 r - a throwing net (quivered)
Armour
 b - a +0 scale mail
 c - a +0 shield (worn)
 p - a +0 plate armour (worn)
 s - a +0 pair of boots (worn)
Jewellery
 j - a ring of fire (left hand)
 n - an uncursed ring of ice
Scrolls
 e - a scroll of noise {unknown}
 g - a scroll of magic mapping {unknown}
 h - 4 scrolls of identify {unknown}
 i - 2 scrolls of remove curse {unknown}
 l - a scroll of enchant weapon {unknown}
 m - 2 scrolls of fog {unknown}
 q - a scroll of amnesia {unknown}
 t - a scroll of fear {unknown}
 w - a scroll of enchant armour {unknown}
 x - 2 scrolls of teleportation {unknown}
Potions
 d - a potion of might
 k - a potion of agility {unknown}
 o - 3 potions of curing {unknown}
 z - a potion of degeneration {unknown}
 A - 2 potions of lignification {unknown}
 B - a potion of flight {unknown}
Comestibles
 f - 2 rations


   Skills:
 - Level 3.2 Fighting
 + Level 6.4 Maces & Flails
 - Level 3.2 Armour
 - Level 3.2 Shields


You had 5 spell levels left.
You didn't know any spells.
Your spell library was empty.

Dungeon Overview and Level Annotations

Branches:
Dungeon (3/15)

Altars:
Makhleb

Annotations:
D:2 Sigmund


Innate Abilities, Weirdness & Mutations

You are resistant to torment.
Your stone body is resilient. (AC +4)
You are immune to poison.
You resist negative energy. (rN+)
You are resistant to electric shocks. (rElec)
You can survive without breathing.
You are immune to petrification.
You are immune to rotting.


Message History

You kill the sky beast!
Your Maces & Flails skill increases to level 6!
You have reached level 6!
Your experience leads to an increase in your attributes!
Increase (S)trength, (I)ntelligence, or (D)exterity?
You feel stronger.
B - a red potion An adder and an ogre come into view.
The adder hisses angrily.
The ogre shouts!
The adder barely misses you.
A ball python comes into view.
The adder barely misses you.
The ball python hisses angrily.
You sock the adder!
You kill the adder!
Your plate armour prevents you from hitting the ogre.
The ogre hits you with a +0 giant club!!
Ouch! That really hurt!
You closely miss the ogre. The ogre hits you with a +0 giant club!
You die...

# #.# # #.#
###)#.##########
##
...###..........
.#
###.#>##.######
.# ##.###.# .#
#.###†## .#
#.##...#######.#
##.##.#.†.....@.#
#..##...######O.#
######.## #S.#
#.# #..# #..Y...#
#..# +.######
#..# #..# #..#


You could see an ogre and a ball python.

Vanquished Creatures
  A sky beast (D:5)
  A scorpion (D:5)
  A worker ant (D:5)
  4 adders
  2 worms
  A dart slug (D:3)
  A leopard gecko (D:2)
  5 orcs
  6 bats
  4 giant cockroaches
  2 hobgoblins
  13 jackals
  A quokka (D:2)
  A ball python (D:2)
  3 frilled lizards
  A jackal skeleton (D:5)
  2 kobolds
  9 rats
58 creatures vanquished.

Notes
Turn   | Place    | Note
-------+----------+-------------------------------------------
     0 | D:1      | EternalSandwich the Gargoyle Fighter began the quest for
                  | the Orb.
     0 | D:1      | Reached XP level 1. HP: 14/14 MP: 1/1
   453 | D:1      | Reached XP level 2. HP: 19/19 MP: 2/2
   788 | D:1      | Reached skill level 3 in Maces & Flails
  1151 | D:2      | Reached XP level 3. HP: 19/23 MP: 3/3
  1579 | D:2      | Noticed Sigmund
  1782 | D:3      | Reached skill level 4 in Maces & Flails
  1810 | D:3      | Reached XP level 4. HP: 20/28 MP: 4/4
  2117 | D:3      | You fall through a shaft for 2 floors!
  2117 | D:5      | Entered Level 5 of the Dungeon
  2131 | D:5      | Found a burning altar of Makhleb.
  2135 | D:5      | Reached skill level 5 in Maces & Flails
  2135 | D:5      | Reached XP level 5. HP: 31/32 MP: 5/5
  2208 | D:5      | Noticed a sky beast
  2229 | D:5      | Killed a sky beast
  2229 | D:5      | Reached skill level 6 in Maces & Flails
  2229 | D:5      | Reached XP level 6. HP: 37/37 MP: 6/6
  2238 | D:5      | Slain by an ogre

Skill      XL: |  1  2  3  4  5 |
---------------+----------------+-----
Maces & Flails | 3 4 5 6 |  6.4
Fighting       | |  3.2
Armour         | |  3.2
Shields        | |  3.2

Action                   |  1- 3 |  4- 6 || total
-------------------------+-------+-------++-------
Melee: Flail             |   155 |    39 ||   194
       Morningstar       |       |    59 ||    59
  Eat: Chunk             |     2 |     2 ||     4
Armor: Scale mail        |    65 |       ||    65
       Plate armour      |    56 |    83 ||   139
Dodge: Dodged            |    64 |    14 ||    78
Block: Shield            |   107 |    57 ||   164
